 Dungeon Crawl Stone Soup version 0.30.1-9-gdf580d7c3d (webtiles) character file.

Game seed: 13970723632414608550

418 Almogavar the Protected (level 6, -2/44 HPs)
             Began as a Gnoll Wanderer on Sept 24, 2023.
             Slain by an ogre
             ... wielding a +0 giant club
              (21 damage)
             ... on level 4 of the Dungeon on Sept 26, 2023.
             The game lasted 00:10:51 (2655 turns).

Almogavar the Protected (Gnoll Wanderer)            Turns: 2655, Time: 00:10:51

Health: -2/44      AC: 14    Str: 16    XL:     6   Next: 93%
Magic:  11/11      EV:  9    Int: 10    God:
Gold:   223        SH:  9    Dex: 10    Spells: 11/12 levels left

rFire   . . .        x - +0 rapier
rCold   + . .        i - +0 buckler
rNeg    . . .        c - +2 scale mail
rPois   .            u - +1 helmet
rElec   .            (no cloak)
rCorr   .            p - +0 pair of gloves
SInv    .            (no boots)
Will    .....        n - amulet of reflection Stlth
                     f - ring of protection from fire
HPRegen 0.27/turn    v - ring "Tabusm" {Ice Slay+2}
MPRegen 0.12/turn

%: reflection
@: no status effects
A: fangs 1, strong nose, distributed training
a: no special abilities


You were on level 4 of the Dungeon.
You visited 1 branch of the dungeon, and saw 4 of its levels.

You collected 223 gold pieces.

Inventory:

Hand Weapons
 a - a +0 dagger
 x - a +0 rapier (weapon)
Missiles
 b - 8 boomerangs (quivered)
 y - 3 javelins
Armour
 c - a +2 scale mail (worn)
 i - a +0 buckler (worn)
 p - a +0 pair of gloves (worn)
 u - a +1 helmet (worn)
 z - the +1 leather armour of the Beggar {Int+3 Dex-4 SInv}
   (You found it on level 4 of the Dungeon)

   Int:       It affects your intelligence (+3).
   Dex:       It affects your dexterity (-4).
   SInv:      It lets you see invisible.
Jewellery
 f - a ring of protection from fire (left hand)
 n - an amulet of reflection (around neck)
 v - the ring "Tabusm" (right hand) {Ice Slay+2}
   (You found it on level 3 of the Dungeon)

   [ring of ice]

   It enhances your ice magic.
   Slay:      It affects your accuracy & damage with ranged weapons and melee
   (+2).
   rF:        It makes you vulnerable to fire.
   rC:        It protects you from cold.
Wands
 t - a wand of charming (10)
Scrolls
 d - 2 scrolls of fear
 g - a scroll of poison
 j - a scroll of enchant weapon {unknown}
 l - a scroll of acquirement {unknown}
 m - 2 scrolls of teleportation {unknown}
 q - a scroll of enchant armour {unknown}
 w - a scroll of immolation {unknown}
 A - a scroll of blinking {unknown}
Potions
 e - a potion of might
 k - a potion of magic {unknown}
 o - a potion of ambrosia {unknown}
 r - a potion of brilliance {unknown}
 s - 2 potions of flight {unknown}


   Skills:
 + Level 2.2 Fighting
 + Level 2.2 Short Blades
 + Level 2.2 Long Blades
 + Level 2.2 Axes
 + Level 2.2 Maces & Flails
 + Level 2.2 Polearms
 + Level 2.2 Staves
 + Level 2.2 Ranged Weapons
 + Level 5.1 Throwing
 + Level 10.7 Armour
 + Level 2.2 Dodging
 + Level 2.2 Stealth
 + Level 2.2 Shields
 + Level 2.2 Unarmed Combat
 + Level 3.6 Spellcasting
 + Level 1.8 Conjurations
 + Level 1.8 Hexes
 + Level 1.8 Summonings
 + Level 1.8 Necromancy
 + Level 4.2 Translocations
 + Level 1.8 Transmutations
 + Level 1.8 Fire Magic
 + Level 1.8 Ice Magic
 + Level 1.8 Air Magic
 + Level 1.8 Earth Magic
 + Level 1.8 Poison Magic
 + Level 2.5 Invocations
 + Level 2.2 Evocations


You had 11 spell levels left.
You knew the following spells:

 Your Spells              Type           Power      Damage    Failure   Level
a - Apportation           Tloc           20%        N/A       17%         1

Your spell library contained the following spells:

 Spells                   Type           Power      Damage    Failure   Level
 Necrotise                Necr           20%        1d5       43%         1
 Portal Projectile        Hex/Tloc       14%        N/A       63%         3
 Vampiric Draining        Necr           5%         2d6       80%         3
 Agony                    Necr           5%         N/A       100%        5


Dungeon Overview and Level Annotations

Branches:
Dungeon (4/15)
 Temple: D:4-7

Altars:
Cheibriados
Yredelemnul


Innate Abilities, Weirdness & Mutations

You have very sharp teeth.
Your uncanny sense of smell can sniff out nearby items.
Your experience applies equally to all skills.


Message History

The orc wizard points at you and mumbles some strange words.
The magic dart hits you but does no damage.
You block the goblin's attack.
You barely miss the orc wizard.
The orc wizard is almost dead.
The orc wizard gestures at you while chanting.
The magic dart hits you. You block the goblin's attack.
You closely miss the orc wizard.
The orc wizard is severely wounded.
The orc wizard closely misses you. You block the goblin's attack.
You hit the orc wizard.
The orc wizard is almost dead.
You block the orc wizard's attack. The goblin barely misses you.
You hit the orc wizard but do no damage.
Your bite misses the orc wizard.
The orc wizard is almost dead.
You block the orc wizard's attack. The goblin hits you but does no damage.
You puncture the orc wizard!
You kill the orc wizard!
You block the goblin's attack. The ogre attacks as you move away!
The ogre barely misses you. The goblin hits you but does no damage.
You hit the goblin.
The goblin is severely wounded.
The goblin hits you but does no damage. The ogre hits you with a +0 giant club!
* * * LOW HITPOINT WARNING * * *
You block the goblin's attack.
You closely miss the goblin.
The goblin is severely wounded.
You block the ogre's attack. The goblin misses you.
You feel better. The goblin hits you but does no damage.
Aiming: Charm
Press: ? - help, Shift-Dir - straight line, f - ogre
Aim: an ogre, wielding a +0 giant club (chance to affect: 54%)
The ogre resists with significant effort.
The ogre barely misses you. The goblin hits you with a +0 club.
The goblin attacks as you move away! You block the goblin's attack.
The ogre attacks as you move away!
The ogre hits you with a +0 giant club!!
You die...

.########...##......
##....##...#
#......#..##
##......#..#
#..........#
#...........#
....#........##
.....#........#
###.........@O#
#......####go#
##...### #..... #..#
.....## .. .....#
......# !..#..#
#..###..


You could see an ogre, an orc and a goblin.

Vanquished Creatures
  Sigmund (D:3)
  An ogre (D:4)
  An orc wizard (D:4)
  Robin (D:3)
  3 adders
  An ufetubus (D:4)
  2 worms
  A dart slug (D:1)
  2 orcs
  5 endoplasms
  3 giant cockroaches
  14 goblins
  12 hobgoblins
  3 jackals (D:2)
  4 quokkas
  10 ball pythons
  6 bats
  4 frilled lizards
  9 kobolds
  7 rats
90 creatures vanquished.

Vanquished Creatures (others)
  An orc wizard (D:4)
1 creature vanquished.

Grand Total: 91 creatures vanquished

Notes
Turn   | Place    | Note
-------+----------+-------------------------------------------
     0 | D:1      | Reached skill level 10 in Armour
     0 | D:1      | Almogavar the Gnoll Wanderer began the quest for the Orb.
     0 | D:1      | Almogavar set off with the following items: a +0 dagger, 6
                  | boomerangs, a +2 scale mail, a scroll of fear; and the
                  | following spell memorised: Apportation; and the following
                  | spells available to memorise: Portal Projectile.
     0 | D:1      | Reached XP level 1. HP: 13/13 MP: 4/4
    92 | D:1      | Reached XP level 2. HP: 19/19 MP: 5/5
   365 | D:1      | Reached XP level 3. HP: 22/25 MP: 7/7
   733 | D:1      | Reached skill level 1 in Invocations
   897 | D:2      | Reached skill level 1 in Fighting
   897 | D:2      | Reached skill level 1 in Short Blades
   897 | D:2      | Reached skill level 1 in Long Blades
   897 | D:2      | Reached skill level 1 in Axes
   897 | D:2      | Reached skill level 1 in Maces & Flails
   897 | D:2      | Reached skill level 1 in Polearms
   897 | D:2      | Reached skill level 1 in Staves
   897 | D:2      | Reached skill level 1 in Ranged Weapons
   897 | D:2      | Reached skill level 1 in Dodging
   897 | D:2      | Reached skill level 1 in Stealth
   897 | D:2      | Reached skill level 1 in Shields
   897 | D:2      | Reached skill level 1 in Unarmed Combat
   897 | D:2      | Reached skill level 1 in Evocations
  1058 | D:2      | Reached XP level 4. HP: 22/32 MP: 8/8
  1556 | D:3      | Noticed Robin
  1598 | D:3      | Killed Robin
  1599 | D:3      | Reached skill level 1 in Conjurations
  1599 | D:3      | Reached skill level 1 in Hexes
  1599 | D:3      | Reached skill level 1 in Summonings
  1599 | D:3      | Reached skill level 1 in Necromancy
  1599 | D:3      | Reached skill level 1 in Transmutations
  1599 | D:3      | Reached skill level 1 in Fire Magic
  1599 | D:3      | Reached skill level 1 in Ice Magic
  1599 | D:3      | Reached skill level 1 in Air Magic
  1599 | D:3      | Reached skill level 1 in Earth Magic
  1599 | D:3      | Reached skill level 1 in Poison Magic
  1726 | D:3      | Identified the ring "Tabusm" {Ice Slay+2}
  1783 | D:3      | Found a basalt altar of Yredelemnul.
  1785 | D:3      | Found a snail-covered altar of Cheibriados.
  1944 | D:3      | Noticed Sigmund
  1970 | D:3      | Killed Sigmund
  1971 | D:3      | Reached skill level 5 in Throwing
  1971 | D:3      | Reached XP level 5. HP: 38/38 MP: 8/10
  1971 | D:3      | Reached XP level 6. HP: 44/44 MP: 8/11
  2598 | D:4      | Identified the +1 leather armour of the Beggar {Int+3 Dex-4
                  | SInv}
  2655 | D:4      | Slain by an ogre

Illustrated notes

Levels and vault maps discovered:
D:1:      psy_arrival_radial01, layout_rooms
D:2:      layout_rooms
D:3:      minmay_diamond_boxcup, layout_basic, mainiacjoe_overflow_divided_tiny,
          uniq_sigmund, uniq_robin
D:4:      layout_layer_cave, serial_shops, nicolae_shop_just_a_little_nook

Skill      XL: |  1  2  3  4  5  6 |
---------------+-------------------+-----
Armour         | | 10.7
Invocations    | 1 2 |  2.5
Fighting       | 1 2 |  2.2
Short Blades   | 1 2 |  2.2
Long Blades    | 1 2 |  2.2
Axes           | 1 2 |  2.2
Maces & Flails | 1 2 |  2.2
Polearms       | 1 2 |  2.2
Staves         | 1 2 |  2.2
Ranged Weapons | 1 2 |  2.2
Dodging        | 1 2 |  2.2
Stealth        | 1 2 |  2.2
Shields        | 1 2 |  2.2
Unarmed Combat | 1 2 |  2.2
Evocations     | 1 2 |  2.2
Spellcasting   | 3 |  3.6
Conjurations   | 1 |  1.8
Hexes          | 1 |  1.8
Summonings     | 1 |  1.8
Necromancy     | 1 |  1.8
Transmutations | 1 |  1.8
Fire Magic     | 1 |  1.8
Ice Magic      | 1 |  1.8
Air Magic      | 1 |  1.8
Earth Magic    | 1 |  1.8
Poison Magic   | 1 |  1.8
Throwing       | 5 |  5.1
Translocations | 4 |  4.2

Action                     |  1- 3 |  4- 6 || total
---------------------------+-------+-------++-------
  Melee: Dagger            |   238 |   229 ||   467
         Bite              |    15 |    24 ||    39
         Punch             |     1 |       ||     1
         Rapier            |       |    66 ||    66
  Throw: Boomerang         |    13 |     9 ||    22
  Evoke: Wand              |       |     2 ||     2
    Use: Scroll            |       |     4 ||     4
         Potion            |       |     2 ||     2
 Armour: Scale mail        |   133 |   175 ||   308
  Dodge: Dodged            |   111 |   148 ||   259
  Block: Buckler           |    16 |    91 ||   107
